 Dungeon Crawl Stone Soup version 0.29.0-4-gdea44cf6ec (webtiles) character file.

Game seed: 14883039921018883230

229 qw the Chopper (level 5, 0/45 HPs)
             Began as a Minotaur Fighter on Sept 6, 2022.
             Succumbed to an orc wizard's poison
             ... on level 4 of the Dungeon.
             The game lasted 00:01:11 (2681 turns).

qw the Chopper (Minotaur Fighter)                   Turns: 2681, Time: 00:01:11

Health: 0/45       AC: 10    Str: 23    XL:     5   Next: 71%
Magic:  4/4        EV:  9    Int:  5    God:
Gold:   222        SH:  4    Dex:  9    Spells: 4/4 levels left

rFire   . . .      SeeInvis .   k - +1 hand axe (vamp)
rCold   . . .      Faith    .   c - +0 buckler
rNeg    . . .      Spirit   .   b - +0 scale mail
rPois   .          Reflect  .   (helmet restricted)
rElec   .          Harm     .   (no cloak)
rCorr   .          Rampage  .   f - +2 pair of gloves
Will    .....                   (no boots)
Stlth   ..........              (no amulet)
HPRegen 0.15/turn               (no ring)
MPRegen 0.09/turn               (no ring)

@: lethally poisoned (0 -> -11)
A: horns 2, retaliatory headbutt
a: no special abilities


You were on level 4 of the Dungeon.
You visited 1 branch of the dungeon, and saw 4 of its levels.

You collected 222 gold pieces.


Innate Abilities, Weirdness & Mutations

You have a pair of horns on your head.
You reflexively headbutt those who attack you in melee.


   Skills:
 + Level 3.6 Fighting
 - Level 7.1 Axes
 - Level 3.6 Armour
 - Level 1.3 Dodging
 - Level 3.6 Shields


You had 4 spell levels left.
You didn't know any spells.
Your spell library was empty.

Inventory:

Hand Weapons
 k - a +1 vampiric hand axe (weapon)
 m - a +0 flail
Armour
 b - a +0 scale mail (worn)
 c - a +0 buckler (worn)
 f - a +2 pair of gloves (worn)
Scrolls
 a - a scroll of identify
Potions
 d - 2 potions of might
 e - a potion of haste {unknown}
 g - a potion of degeneration {unknown}
 h - a potion of curing {unknown}
 i - a potion of brilliance {unknown}
 j - a potion of invisibility {unknown}

Dungeon Overview and Level Annotations

Branches:
Dungeon (4/15)
 Temple: D:4-7

Altars:

Annotations:
D:3 3 runed translucent doors, qw's ghost, amateur MiBe


Message History

The orc wizard is severely wounded.
You feel very sick.
The orc wizard hits you but does no damage.
You are more poisoned.
You hit the orc wizard but do no damage.
Your headbutt misses the orc wizard.
The orc wizard is severely wounded.
You feel very sick.
The orc wizard hits you but does no damage.
You are more poisoned.
You hit the orc wizard but do no damage.
Your headbutt misses the orc wizard.
The orc wizard is severely wounded.
You feel very sick.
The orc wizard hits you but does no damage.
You are more poisoned.
You completely miss the orc wizard. You headbutt the orc wizard.
The orc wizard is severely wounded.
You feel very sick.
The orc wizard hits you but does no damage.
You are lethally poisoned!
You hit the orc wizard.
The orc wizard is almost dead.
You feel very sick. The orc wizard closely misses you.
You hit the orc wizard.
You kill the orc wizard!
You feel very sick.
Your Axes skill increases to level 7!
You slash the adder!
The adder is severely wounded.
You feel very sick.
The adder bites you but does no damage. x2
You hit the adder but do no damage. Your headbutt misses the adder.
The adder is severely wounded.
You feel very sick. You block the adder's attack.
You slash the adder!
You kill the adder!
You die...

###.###.#####
##.))).......###
###.....<).......#
..................#
####..#..#..###..
.......###.#
###..#..#.##
#..#.#..# #. #.##@#
........){o....
##..####.###....
... .. ..# ....
.... ..#.#


You could see an orc.

Vanquished Creatures
  An orc priest (D:4)
  3 orc wizards (D:4)
  Robin (D:2)
  5 adders
  A worm (D:3)
  A dart slug (D:1)
  2 orcs (D:4)
  5 ball pythons
  6 bats
  4 endoplasms
  5 giant cockroaches
  6 hobgoblins
  5 jackals
  3 quokkas
  3 frilled lizards
  10 goblins
  4 kobolds
  9 rats
74 creatures vanquished.

Notes
Turn   | Place    | Note
-------+----------+-------------------------------------------
     0 | D:1      | qw the Minotaur Fighter began the quest for the Orb.
     0 | D:1      | Reached XP level 1. HP: 19/19 MP: 0/0
     0 | D:1      | 0 ||| qw: Version: 0.1-a-107-g9ff403c
     0 | D:1      | 0 ||| qw: Game counter: 6095
     0 | D:1      | 0 ||| qw: Always use a shield: true
     0 | D:1      | 0 ||| qw: God list: Ru
     0 | D:1      | 0 ||| qw: Allow faded altars: false
     0 | D:1      | 0 ||| qw: Do Orc after D:15 true
     0 | D:1      | 0 ||| qw: Do second Lair branch before Depths: true
     0 | D:1      | 0 ||| qw: Lair rune preference: random
     0 | D:1      | 0 ||| qw: Plans: Normal
     0 | D:1      | 0 ||| PLANNING D:1-11
    84 | D:1      | Reached skill level 3 in Axes
    84 | D:1      | 84 ||| Stepping ~*~*~tactically~*~*~ (hiding).
    86 | D:1      | 86 ||| Stepping ~*~*~tactically~*~*~ (hiding).
    96 | D:1      | Reached XP level 2. HP: 20/26 MP: 1/1
   266 | D:1      | Found a faded altar of an unknown god.
   659 | D:1      | Reached skill level 4 in Axes
   714 | D:1      | 714 ||| SWAPPING to +1 vampiric hand axe.
   715 | D:1      | 715 ||| DROPPING +0 war axe.
   734 | D:1      | 734 ||| Stepping ~*~*~tactically~*~*~ (stealth).
   822 | D:1      | 822 ||| UPGRADING to +0 pair of gloves.
   827 | D:1      | 827 ||| READING 2 scrolls labelled ILUTWIEMIA.
   828 | D:1      | 828 ||| READING 2 scrolls labelled QISMIO LAIGIGG.
   829 | D:1      | 829 ||| DROPPING scroll of noise.
   866 | D:2      | 866 ||| Stepping ~*~*~tactically~*~*~ (stealth).
  1053 | D:2      | Reached XP level 3. HP: 31/31 MP: 2/2
  1137 | D:2      | 1137 ||| Stepping ~*~*~tactically~*~*~ (stealth).
  1139 | D:2      | 1139 ||| Stepping ~*~*~tactically~*~*~ (stealth).
  1140 | D:2      | 1140 ||| Stepping ~*~*~tactically~*~*~ (stealth).
  1162 | D:2      | 1162 ||| DROPPING +0 club.
  1248 | D:2      | Noticed Robin
  1257 | D:2      | Killed Robin
  1258 | D:2      | Reached skill level 5 in Axes
  1397 | D:2      | Reached XP level 4. HP: 39/39 MP: 3/3
  1535 | D:2      | 1535 ||| Stepping ~*~*~tactically~*~*~ (stealth).
  1542 | D:2      | Reached skill level 1 in Dodging
  1721 | D:2      | 1721 ||| READING scroll labelled ROM WELIRPHU.
  1722 | D:2      | 1722 ||| READING scroll labelled CIOSUSHR ZIGHO.
  1723 | D:2      | 1723 ||| READING 2 scrolls of identify.
  1723 | D:2      | 1723 ||| IDENTIFYING puce potion
  1724 | D:2      | 1724 ||| DROPPING potion of ambrosia.
  1725 | D:2      | 1725 ||| Stepping randomly (stuck).
  1726 | D:2      | 1726 ||| Stepping ~*~*~tactically~*~*~ (cloud).
  1853 | D:3      | 1853 ||| STAIRDANCE
  1977 | D:3      | Found a runed translucent gate.
  1978 | D:3      | Found a runed translucent gate.
  1979 | D:3      | Found a runed translucent gate.
  1980 | D:3      | Noticed qw's ghost (amateur MiBe)
  2191 | D:3      | 2191 ||| Stepping ~*~*~tactically~*~*~ (stealth).
  2192 | D:3      | 2192 ||| Stepping ~*~*~tactically~*~*~ (stealth).
  2226 | D:3      | 2226 ||| DROPPING +0 whip.
  2416 | D:3      | 2416 ||| UPGRADING to +2 pair of gloves.
  2426 | D:3      | 2426 ||| DROPPING +0 pair of gloves.
  2427 | D:3      | 2427 ||| READING scroll labelled KEWNUACESCH.
  2428 | D:3      | 2428 ||| READING scroll labelled CEONLO KABEO.
  2500 | D:4      | Reached skill level 6 in Axes
  2500 | D:4      | Reached XP level 5. HP: 45/45 MP: 4/4
  2668 | D:4      | 2668 ||| Stepping ~*~*~tactically~*~*~ (hiding).
  2678 | D:4      | HP: 11/45 [poisoned by an orc wizard]
  2679 | D:4      | Reached skill level 7 in Axes
  2680 | D:4      | HP: 3/45 [poisoned by an orc wizard]
  2681 | D:4      | Succumbed to an orc wizard's poison

Levels and vault maps discovered:
D:1:      dpeg_arrival_radiant, layout_basic, ebering_ecumenical_altar_hall,
          moated_statue
D:2:      layout_basic, uniq_robin
D:3:      minmay_spotlight, layout_basic, gammafunk_ghost_necromancy
D:4:      layout_loops_ring

Skill      XL: |  1  2  3  4  5 |
---------------+----------------+-----
Axes           | 3 4 5 6 7 |  7.1
Dodging        | 1 |  1.3
Fighting       | |  3.6
Armour         | |  3.6
Shields        | |  3.6

Action                   |  1- 3 |  4- 6 || total
-------------------------+-------+-------++-------
Melee: War axe           |    36 |       ||    36
       Headbutt          |    13 |     6 ||    19
       Hand axe          |    44 |    86 ||   130
  Use: Scroll            |     2 |     5 ||     7
 Stab: Distracted        |       |     1 ||     1
Armor: Scale mail        |    30 |    40 ||    70
Dodge: Dodged            |    25 |    24 ||    49
Block: Buckler           |    16 |    19 ||    35

Table legend:
 A = Non-vault XP
 B = Vault XP
 C = Vault XP percentage of total XP
 D = Non-vault monster count
 E = Vault monster count
 F = Vault count percentage of total count
                 A         B        C        D         E       F
            +---------+---------+-------+---------+---------+-------
      Total |     287 |      55 |  16.1 |      60 |      14 |  18.9
            +---------+---------+-------+---------+---------+-------
        D:1 |      34 |       0 |   0.0 |      20 |       0 |   0.0
        D:2 |      57 |      27 |  32.1 |      22 |       7 |  24.1
        D:3 |      17 |      28 |  62.2 |      10 |       7 |  41.2
        D:4 |     179 |       0 |   0.0 |       8 |       0 |   0.0
            +---------+---------+-------+---------+---------+-------
